 Dungeon Crawl Stone Soup version 0.18.1-48-g4cf74bf (webtiles) character file.

36 meme the Sneak (level 3, -2/27 HPs)
             Began as a Spriggan Assassin on July 10, 2016.
             Slain by an adder (4 damage)
             ... on level 3 of the Dungeon.
             The game lasted 00:10:04 (1551 turns).

meme the Sneak (Spriggan Assassin)                  Turns: 1551, Time: 00:10:05

Health: -2/27      AC:  3    Str: 12    XL:     3   Next: 19%
Magic:  4/4        EV: 17    Int: 12    God:
Gold:   60         SH:  0    Dex: 18    Spells: 0 memorised, 2 levels left

rFire  . . .     SeeInvis +     a - +2 dagger
rCold  . . .     Gourm    .     c - +0 robe
rNeg   . . .     Faith    .     (shield restricted)
rPois  .         Spirit   .     (helmet restricted)
rElec  .         Dismiss  .     d - +0 cloak
rCorr  .         Reflect  .     (gloves unavailable)
SustAt .         Harm     .     (boots unavailable)
MR     .....     Rnd*Rage +     (no amulet)
Stlth  ..........               (no ring)
                                (no ring)

@: berserking, lethally poisoned (-2 -> -4), very quick, not resistant to
hostile enchantments, extremely unstealthy
A: unfitting armour, see invisible, berserk 1, deterioration 1, herbivore 3,
speed 3, slow metabolism 2
a: no special abilities


You were on level 3 of the Dungeon.
You were not hungry.

You visited 1 branch of the dungeon, and saw 3 of its levels.

You collected 60 gold pieces.

Inventory:

Hand Weapons
 a - a +2 dagger (weapon)
 b - a +0 blowgun
Missiles
 e - 7 poisoned needles
 f - 2 curare-tipped needles
Armour
 c - a +0 robe (worn)
 d - a +0 cloak (worn)
Jewellery
 s - an uncursed ring of poison resistance {unknown}
Wands
 p - a wand of iceblast (8/15)
 u - a wand of digging (8/24)
Scrolls
 i - a scroll of fear {unknown}
 k - a scroll of identify {unknown}
 o - a scroll of amnesia {unknown}
 q - 2 scrolls of noise {unknown}
Potions
 h - a potion of ambrosia {unknown}
 j - a potion of might {unknown}
 n - a potion of brilliance
 t - a potion of degeneration {unknown}
Comestibles
 g - 2 bread rations
 l - a slice of pizza


   Skills:
 + Level 1.6 Fighting
 + Level 2.3 Short Blades
 + Level 2.4 Throwing
 + Level 2.0 Dodging
 + Level 7.0 Stealth


You had 2 spell levels left.
You didn't know any spells.

Dungeon Overview and Level Annotations

Branches:
Dungeon (3/15)

Altars:
Gozag
Xom
Zin

Portals:
Sewer: D:3


Innate Abilities, Weirdness & Mutations

You are tiny and cannot use many weapons and most armour.
You have supernaturally acute eyesight.
You are a herbivore.
You cover ground extremely quickly.
You need consume almost no food.
You tend to lose your temper in combat.
Your body sometimes deteriorates upon taking damage.


Message History

The adder bites you.
* * * LOW HITPOINT WARNING * * *
You are too berserk!
You miss the adder.
The adder is severely wounded.
The adder completely misses you.
You are too berserk!
You closely miss the adder.
The adder is severely wounded.
You are too berserk!
You closely miss the adder.
The adder is severely wounded.
The adder closely misses you.
You miss the adder.
The adder is severely wounded.
The adder completely misses you.
You closely miss the adder.
The adder is severely wounded.
The adder bites you.
You die...

....# .# ####?.#
#.. ##..# .# #...
.....###.# ....##.#
#.. #..#...#
.......# ##..
#....### ##.##..#
... #..#...#
##.##..# .# #.#
#<.###.# .......#
.# #.## #..# #..
##.##.### .#
#..##########.# ##.
#......# .#
#.@S≈≈≈≈≈≈∩≈### #.
##..###.###.#
#.############ #.
....# #.....# #.#
#.# #.# #.
#...###.....# #.#
#.## #.# #.
#.<..>......#
#.####..####.######
##.#.......##
#...............##.
..[##.......#
#######.#######.#.8
########.##.#
#.....(...# #.#.. #
#.##.# #.###.###.#
#....


You could see an adder.

Vanquished Creatures
  An ooze (D:1)
  2 dart slugs
  An orc (D:3)
  A ball python (D:3)
  5 goblins
  3 hobgoblins
  6 bats
  4 giant newts
  2 kobolds
  4 rats
29 creatures vanquished.

Notes
Turn   | Place    | Note
--------------------------------------------------------------
     0 | D:1      | meme the Spriggan Assassin began the quest for the Orb.
     0 | D:1      | Reached XP level 1. HP: 10/10 MP: 2/2
    50 | D:1      | Reached skill level 6 in Stealth
   249 | D:1      | Reached XP level 2. HP: 8/14 MP: 3/3
   937 | D:2      | Reached XP level 3. HP: 18/18 MP: 4/4
  1311 | D:3      | Found a shimmering altar of Xom.
  1312 | D:3      | Noticed an angel
  1313 | D:3      | Found a glowing silver altar of Zin.
  1416 | D:3      | Found an opulent altar of Gozag.
  1434 | D:3      | Reached skill level 7 in Stealth
  1529 | D:3      | Found a glowing drain.
  1543 | D:3      | Gained mutation: Your body sometimes deteriorates upon taking damage. [potion of mutation]
  1543 | D:3      | Gained mutation: You tend to lose your temper in combat. [potion of mutation]
  1546 | D:3      | HP: 1/27 [adder (5)]
  1551 | D:3      | Slain by an adder

Skill      XL: |  1  2  3 |
---------------+----------+-----
Stealth        | 6 7 |  7.0
Dodging        | 2 |  2.0
Fighting       | |  1.6
Short Blades   | |  2.3
Throwing       | |  2.4

Action                   || total
-------------------------++-------
Melee: Dagger            ||    91
 Fire: Blowgun           ||     7
  Use: Potion            ||     3
       Scroll            ||     1
 Stab: Sleeping          ||     9
       Distracted        ||     1
Armor: Robe              ||    10
Dodge: Dodged            ||    48
